 Dungeon Crawl Stone Soup version 0.31-a0-331-geda263fcf1 (webtiles) character file.

Game seed: 7458388647470693436

49590 Midn8 the Brawler (level 14, -11/129 HPs)
             Began as a Purple Draconian Berserker on July 19, 2023.
             Was a High Priest of Trog.
             Hit by a silver javelin thrown by a minotaur (22 damage)
             ... in a Gauntlet on July 20, 2023.
             The game lasted 00:46:42 (21478 turns).

Midn8 the Brawler (Purple Draconian Berserker)     Turns: 21478, Time: 00:46:43

Health: -11/129    AC: 24    Str: 20    XL:     14   Next: 16%
Magic:  14/14      EV: 13    Int:  7    God:    Trog [*****.]
Gold:   1333       SH: 14    Dex: 16    Spells: 13/13 levels left

rFire   . .          .
                       - Unarmed
rCold   . . .        X - +2 kite shield
rNeg    . . .        (body armour unavailable)
rPois   .            R - +2 hat {SInv}
rElec   .            n - +2 cloak
rCorr   .            (no gloves)
SInv    +            a - +2 pair of boots {Fly}
Will    ++...        (no amulet)
Stlth   +            Y - +4 ring of protection
HPRegen 0.41/turn    w - +4 ring of protection
MPRegen 0.14/turn

%: no teleportation
@: on berserk cooldown, flying, slowed, studying Throwing, very slow
A: breathe power, AC +8, unfitting armour, cold-blooded, stinger 1, MP-powered
wands
a: Breathe Dispelling Energy, Renounce Religion, Berserk, Trog's Hand, Brothers
in Arms


You were in a Gauntlet.
You worshipped Trog.
Trog was extremely pleased with you.
You visited 2 branches of the dungeon, and saw 17 of its levels.
You also visited: Gauntlet.

You collected 1333 gold pieces.

Inventory:

Hand Weapons
 g - a +1 sling
Missiles
 c - 4 atropa-tipped darts
 h - 44 poisoned darts (quivered)
 i - 7 boomerangs
 E - 2 throwing nets
 Q - 6 javelins
Armour
 a - a +2 pair of boots of flying (worn)
 e - an orb of guile
 n - a +2 cloak (worn)
 R - a +2 hat of see invisible (worn)
 X - a +2 kite shield (worn)
Jewellery
 w - a +4 ring of protection (right hand)
 x - a ring of willpower
 L - a ring of see invisible
 T - a +6 ring of strength
 U - an amulet of faith
 Y - a +4 ring of protection (left hand)
Talismans
 y - a beast talisman
Wands
 j - a wand of charming (21)
 z - a wand of flame (12)
 A - a wand of iceblast (10)
 C - a wand of digging (9)
 H - a wand of quicksilver (9)
 J - a wand of polymorph (11)
 W - a wand of mindburst (16)
Scrolls
 d - 2 scrolls of fog
 f - a scroll of acquirement
 k - a scroll of torment
 l - 2 scrolls of revelation
 o - 3 scrolls of poison
 p - 2 scrolls of blinking
 r - a scroll of brand weapon {unknown}
 s - a scroll of vulnerability
 t - 5 scrolls of teleportation
 v - 3 scrolls of fear
 B - a scroll of immolation
 M - a scroll of silence {unknown}
 N - 2 scrolls of enchant weapon
 P - a scroll of butterflies {unknown}
Potions
 b - 8 potions of curing
 m - 2 potions of berserk rage
 q - a potion of heal wounds
 D - 2 potions of lignification
 F - 4 potions of mutation
 G - a potion of attraction
 I - a potion of might
 K - 2 potions of haste
 O - 2 potions of invisibility
 S - 2 potions of enlightenment
 V - a potion of resistance
 Z - a potion of ambrosia {unknown}
Miscellaneous
 u - a condenser vane


   Skills:
 + Level 13.2 Fighting
 - Level 10.0 Throwing
 - Level 5.5 Dodging
 + Level 10.2 Shields
 + Level 16.7 Unarmed Combat
 - Level 4.0 Evocations
 - Level 3.0 Shapeshifting


You had 13 spell levels left.
You didn't know any spells.
Your spell library was empty.

Dungeon Overview and Level Annotations

Branches:
Dungeon (12/15)            Temple (0/1) D:7            Lair (5/5) D:11
 Shoals (0/4) Lair:2        Snake (0/4) Lair:2        Slime (0/5) Lair:5
    Orc (0/2) D:11        Gauntlet (1/1)

Altars:
Ashenzari
Cheibriados
Elyvilon
Fedhas
Gozag
Makhleb
Nemelex Xobeh
Okawaru
Ru
Uskayaw
Vehumet
Wu Jian
Xom
Yredelemnul
Zin
The Shining One
Jiyva

Shops:
D:3 =   D:10 (

Portals:
Abyss: Lair:1

Annotations:
D:5 2 transporters, pokeman's ghost, novice DEHW
D:7 2 transporters, wormstring's ghost, novice FeSh
Lair:1 2 transporters, MathMan16's ghost, journeyman DjIE Gauntlet 8 transporters, 2 runed translucent doors


Innate Abilities, Weirdness & Mutations

You can breathe bolts of dispelling energy.
Your rich purple scales are hard. (AC +8)
You cannot fit into any form of body armour.
You are cold-blooded and may be slowed by cold attacks.
Your tail ends in a venomous barb.
You expend magic power (3 MP) to strengthen your wands.


Message History

The minotaur is heavily wounded.
You block the minotaur's attack. The minotaur gores you.
You barely miss the minotaur.
The minotaur is heavily wounded.
You closely miss the minotaur.
You tail-slap the minotaur, but do no damage.
The minotaur is heavily wounded.
You block the minotaur's attack. The minotaur gores you.
You completely miss the minotaur.
The minotaur is heavily wounded.
You completely miss the minotaur.
The minotaur is heavily wounded.
You block the minotaur's attack. The minotaur closely misses you.
You hit the minotaur but do no damage.
You tail-slap the minotaur, but do no damage.
The minotaur is heavily wounded.
You hit the minotaur.
You tail-slap the minotaur, but do no damage.
The minotaur is heavily wounded.
The minotaur hits you with a +0 bardiche!
The minotaur barely misses you.
You hit the minotaur but do no damage.
Your tail-slap misses the minotaur.
The minotaur is heavily wounded.
You punch the minotaur! You tail-slap the minotaur.
The minotaur is severely wounded.
You are no longer berserk.
You are exhausted.
You feel yourself slow down.
The minotaur hits you but does no damage.
You block the minotaur's attack.
Your deep troll goes berserk!
The minotaur hits you with a +0 bardiche!
You block the minotaur's attack. The minotaur attacks as you move away!
The minotaur hits you with a +0 bardiche!!
* * * LOW HITPOINT WARNING * * *
The minotaur completely misses you. The minotaur barely misses you.
The minotaur throws a silver javelin.
The silver javelin pierces through you!!
You die...

§...#$## ##...##[.
#≈...#.#Z ##...####
#≈...#### ##########
#.......
#........####.8....
##.##.###..##≈......
#8.@........##...###
#....T#.#....#...#|.
########H#.#.©8.#...#.=
8[8=8.8#...#....#...###
∩...H..'.###.©8.#.8.#©.
8/8[8.8#...#....#...###
########.#.#.©8.#...#..
..#.#....#...#.. ...
....##...###


You could see a minotaur (ally target) and a friendly deep troll (summoned,
berserk).

Vanquished Creatures
  Gastronok (Lair:2)
  Nessos (Lair:3)
  A great orb of eyes (Gauntlet)
  A hydra (Lair:3)
  A merfolk avatar (Lair:5)
  A boulder beetle (D:11)
  4 two-headed ogres
  Erica (Lair:1)
  A skyshark (Lair:5)
  A death drake (Gauntlet)
  Pikel (D:7)
  4 lindwurms
  A deep elf pyromancer (D:12)
  An oklob plant (Lair:3)
  2 ugly things
  3 manticores (Lair:5)
  A spectral centaur (Gauntlet)
  3 centaur zombies (Gauntlet)
  10 elephants (Lair:5)
  A torpor snail (Lair:5)
  A black mamba (Lair:4)
  13 cane toads
  A gargoyle (D:12)
  A kobold demonologist (D:10)
  9 komodo dragons
  A rime drake (Lair:5)
  2 trolls
  A wind drake (Lair:5)
  A hornet (D:9)
  Grinder (D:5)
  5 polar bears
  Prince Ribbit (Lair:3)
  23 blink frogs
  A snapping turtle (Lair:5)
  A wraith (D:10)
  42 yaks
  6 basilisks
  9 wyverns
  2 steam dragons
  3 vampire mosquitoes (D:10)
  Menkaure (D:7)
  A warg (D:11)
  6 nagas (Lair:2)
  An acid dragon (D:10)
  8 water moccasins
  Duvessa (D:5)
  6 orc warriors
  5 black bears
  A sky beast (D:7)
  An ogre (D:11)
  14 wolves
  2 phantoms
  3 lemures (D:7)
  2 kobold brigands
  15 bullfrogs
  2 gnoll sergeants
  3 scorpions
  10 wights
  Dowan (D:5)
  A killer bee (D:7)
  2 electric eels
  3 howler monkeys
  A crimson imp (D:4)
  4 hounds
  7 jellies
  A gnoll bouda (D:7)
  5 orc priests
  Crazy Yiuf (D:2)
  An iron imp (D:9)
  2 sleepcaps
  3 iguanas
  11 orc wizards
  11 hell rats
  9 gnolls
  10 adders
  2 white imps (D:5)
  An ufetubus (D:4)
  A worm (D:2)
  4 dart slugs
  47 orcs
  6 ball pythons
  5 endoplasms
  7 giant cockroaches
  8 goblins
  11 hobgoblins
  18 kobolds
  5 quokkas
  8 bats
  4 frilled lizards
  A goblin skeleton (D:5)
  2 goblin zombies (D:5)
  2 hobgoblin zombies (D:5)
  2 kobold skeletons (D:5)
  An orc skeleton (D:5)
  7 rats
461 creatures vanquished.

Vanquished Creatures (collateral kills)
  Urug (Lair:1)
  A steam dragon (Lair:3)
2 creatures vanquished.

Grand Total: 463 creatures vanquished

Notes
Turn   | Place    | Note
-------+----------+-------------------------------------------
     0 | D:1      | Midn8 the Draconian Berserker began the quest for the Orb.
     0 | D:1      | Reached XP level 1. HP: 19/19 MP: 1/1
   134 | D:1      | Reached XP level 2. HP: 25/26 MP: 2/2
   337 | D:1      | Reached skill level 4 in Unarmed Combat
   345 | D:1      | Reached ** piety under Trog
   553 | D:1      | Reached XP level 3. HP: 24/31 MP: 3/3
   697 | D:2      | Reached skill level 5 in Unarmed Combat
   697 | D:2      | Reached XP level 4. HP: 36/38 MP: 4/4
  1398 | D:2      | Found a runed translucent door.
  1399 | D:2      | Noticed Crazy Yiuf
  1405 | D:2      | Killed Crazy Yiuf
  1524 | D:2      | Reached XP level 5. HP: 45/45 MP: 5/5
  1885 | D:3      | Found a faded altar of an unknown god.
  1940 | D:3      | Reached skill level 6 in Unarmed Combat
  2102 | D:3      | Found Yttie's Jewellery Shoppe.
  2132 | D:3      | Found a white marble altar of Elyvilon.
  2280 | D:3      | Found an opulent altar of Gozag.
  2322 | D:3      | Reached *** piety under Trog
  2539 | D:4      | Noticed a phantom
  2580 | D:4      | Killed a phantom
  2581 | D:4      | Reached XP level 6. HP: 45/52 MP: 6/6
  2811 | D:4      | Found a hide-covered altar of Uskayaw.
  2814 | D:4      | Noticed a +0 hand axe
  2816 | D:4      | Noticed a +0 hand axe
  2973 | D:4      | Reached skill level 7 in Unarmed Combat
  3447 | D:4      | Found a burning altar of Makhleb.
  3447 | D:4      | Found a shimmering altar of Xom.
  3450 | D:4      | Your scales start taking on a rich purple colour.
  3450 | D:4      | Reached XP level 7. HP: 59/59 MP: 7/7
  3684 | D:5      | Entered Level 5 of the Dungeon
  3746 | D:5      | Noticed Duvessa
  3746 | D:5      | Noticed Dowan
  3754 | D:5      | Killed Dowan
  3758 | D:5      | Killed Duvessa
  3759 | D:5      | Reached skill level 8 in Unarmed Combat
  4188 | D:5      | Found a transporter.
  4188 | D:5      | Found a transporter.
  4265 | D:5      | Noticed pokeman's ghost (novice DEHW)
  4293 | D:5      | Found a glowing golden altar of the Shining One.
  4411 | D:5      | Reached skill level 5 in Fighting
  4447 | D:5      | Noticed Grinder
  4452 | D:5      | Killed Grinder
  4453 | D:5      | Reached skill level 9 in Unarmed Combat
  4453 | D:5      | Reached XP level 8. HP: 69/69 MP: 8/8
  4722 | D:5      | Reached skill level 1 in Shapeshifting
  4794 | D:5      | Identified the +5 dire flail of Tuumolom {elec, rCorr
                  | Str+3}
  4853 | D:6      | Identified the +4 hand axe of Summertime {flame, rF+ rCorr}
  4935 | D:6      | Identified 2 scrolls of acquirement
  4935 | D:6      | Acquired a +1 pair of boots of flying
  5281 | D:6      | Reached **** piety under Trog
  5282 | D:6      | Reached skill level 10 in Unarmed Combat
  5409 | D:7      | Found a transporter.
  5410 | D:7      | Noticed wormstring's ghost (novice FeSh)
  5458 | D:7      | Found a transporter.
  5526 | D:7      | Reached XP level 9. HP: 76/78 MP: 9/9
  5985 | D:7      | Noticed Pikel
  6000 | D:7      | Killed Pikel
  6117 | D:7      | Found a glowing silver altar of Zin.
  6117 | D:7      | Found a sacrificial altar of Ru.
  6235 | D:7      | Found a staircase to the Ecumenical Temple.
  6308 | D:7      | Noticed Menkaure
  6318 | D:7      | Killed Menkaure
  6319 | D:7      | Reached skill level 11 in Unarmed Combat
  7132 | D:8      | Found a blossoming altar of Fedhas.
  7393 | D:8      | Found a broken altar of Ashenzari.
  7453 | D:8      | Found a basalt altar of Yredelemnul.
  7454 | D:8      | Found a sparkling altar of Nemelex Xobeh.
  7468 | D:8      | You are sucked into a shaft and drop 2 floors!
  7468 | D:10     | Entered Level 10 of the Dungeon
  7608 | D:9      | Reached XP level 10. HP: 90/90 MP: 10/10
  7907 | D:8      | Noticed a two-headed ogre
  7932 | D:8      | Killed a two-headed ogre
  7933 | D:8      | Reached skill level 12 in Unarmed Combat
  8358 | D:8      | Found a radiant altar of Vehumet.
  9268 | D:9      | Reached skill level 5 in Dodging
  9555 | D:9      | Found a snail-covered altar of Cheibriados.
  9649 | D:10     | Reached ***** piety under Trog
  9689 | D:10     | Noticed a two-headed ogre
  9702 | D:10     | Killed a two-headed ogre
  9703 | D:10     | Reached skill level 10 in Fighting
  9703 | D:10     | Reached skill level 13 in Unarmed Combat
 10016 | D:10     | Found Omoiffio's Weapon Shoppe.
 10085 | D:10     | Reached XP level 11. HP: 87/100 MP: 11/11
 10231 | D:10     | Found an ornate altar of the Wu Jian Council.
 10490 | D:10     | Found an iron altar of Okawaru.
 10730 | D:11     | Noticed a boulder beetle
 10748 | D:11     | Killed a boulder beetle
 10894 | D:11     | Found a staircase to the Orcish Mines.
 11329 | D:11     | Reached skill level 5 in Throwing
 11511 | D:11     | Noticed a two-headed ogre
 11518 | D:11     | Killed a two-headed ogre
 11813 | D:11     | Noticed a red ugly thing
 11830 | D:11     | Killed a red ugly thing
 12092 | D:11     | Found a staircase to the Lair.
 12441 | Lair:1   | Entered Level 1 of the Lair of Beasts
 12518 | Lair:1   | Identified the +5 helmet of the Kettle-Drum {rElec Int+3
                  | Dex-5 Stlth+}
 12789 | Lair:1   | Reached skill level 14 in Unarmed Combat
 12845 | Lair:1   | Noticed Erica
 12868 | Lair:1   | Killed Erica
 12877 | Lair:1   | Noticed Urug
 12896 | Lair:1   | Killed Urug
 13077 | Lair:1   | Noticed a lindwurm
 13303 | Lair:1   | Noticed a lindwurm
 13318 | Lair:1   | Killed a lindwurm
 13445 | Lair:1   | Noticed a brown very ugly thing
 13455 | Lair:1   | Noticed a purple ugly thing
 13459 | Lair:1   | Noticed a soul eater
 13461 | Lair:1   | Found a transporter.
 13461 | Lair:1   | Noticed MathMan16's ghost (journeyman DjIE)
 13465 | Lair:1   | Found a transporter.
 13477 | Lair:1   | Found a one-way gate to the infinite horrors of the Abyss.
 13653 | Lair:1   | Reached XP level 12. HP: 78/111 MP: 12/12
 13659 | Lair:1   | Reached skill level 15 in Unarmed Combat
 13997 | Lair:1   | Noticed a rakshasa
 14351 | Lair:2   | Found an ornate altar of the Wu Jian Council.
 14588 | Lair:2   | Noticed Gastronok
 14602 | Lair:2   | Killed Gastronok
 14932 | Lair:2   | Found a staircase to the Snake Pit.
 15093 | Lair:2   | Reached skill level 1 in Evocations
 15527 | Lair:2   | Found a staircase to the Shoals.
 15919 | Lair:3   | Received a gift from Trog
 16287 | Lair:3   | Noticed a five-headed hydra
 16302 | Lair:3   | Killed a five-headed hydra
 16303 | Lair:3   | Reached skill level 10 in Throwing
 16545 | Lair:3   | Noticed Nessos
 16589 | Lair:3   | Killed Nessos
 16590 | Lair:3   | Reached skill level 16 in Unarmed Combat
 16760 | Lair:3   | Reached XP level 13. HP: 102/119 MP: 13/13
 16773 | Lair:3   | Noticed Prince Ribbit
 16787 | Lair:3   | Killed Prince Ribbit
 17268 | Lair:3   | Identified the +1 robe of Huron {rC- Will+ Str+6}
 17851 | Lair:4   | Reached skill level 1 in Shields
 18603 | Lair:5   | Entered Level 5 of the Lair of Beasts
 18695 | Lair:5   | Found the +16 obsidian axe {drain, demonic, Mesm Drain Fly
                  | SInv}
 18815 | Lair:5   | Reached skill level 5 in Shields
 19459 | Lair:5   | Found a viscous altar of Jiyva.
 19459 | Lair:5   | Found a staircase to the Slime Pits.
 19472 | Lair:5   | Gained mutation: Your body sometimes deteriorates upon
                  | taking damage. [potion of mutation]
 19473 | Lair:5   | Lost mutation: Your body sometimes deteriorates upon taking
                  | damage. [potion of mutation]
 19473 | Lair:5   | Gained mutation: You expend magic power (3 MP) to
                  | strengthen your wands. [potion of mutation]
 19473 | Lair:5   | Gained mutation: Your tail ends in a venomous barb. [potion
                  | of mutation]
 20673 | Lair:5   | Reached XP level 14. HP: 120/129 MP: 14/14
 20953 | D:12     | Found a gate leading to a gauntlet.
 20973 | D:12     | Reached skill level 10 in Shields
 21033 | Gauntlet | Entered a Gauntlet
 21033 | Gauntlet | Found a transporter.
 21034 | Gauntlet | Found a runed translucent door.
 21036 | Gauntlet | Found a transporter.
 21038 | Gauntlet | Found a runed translucent door.
 21048 | Gauntlet | Found a transporter.
 21052 | Gauntlet | Found a transporter.
 21062 | Gauntlet | Found a transporter.
 21081 | Gauntlet | Found a runed translucent gate.
 21082 | Gauntlet | Found a transporter.
 21082 | Gauntlet | Found a runed translucent gate.
 21083 | Gauntlet | Found a runed translucent gate.
 21096 | Gauntlet | Found a transporter.
 21100 | Gauntlet | Found a transporter.
 21106 | Gauntlet | Found a transporter.
 21106 | Gauntlet | Found a transporter.
 21109 | Gauntlet | Found a transporter.
 21121 | Gauntlet | Found a transporter.
 21450 | Gauntlet | Identified the +6 swamp dragon scales of the Beginning
                  | {rPois rC++}
 21478 | Gauntlet | Hit by a silver javelin thrown by a minotaur

Illustrated notes

Levels and vault maps discovered:
D:1:      shiori_shiawase, layout_basic
D:2:      layout_basic, kennysheep_crisscross, minmay_quadrilaterals,
          uniq_crazy_yiuf_cottage
D:3:      layout_loops_ring, elyvilon_altar_1, grunt_gozag_statues,
          serial_shops, shop, basic_ecumenical_altar, st_stairs_7
D:4:      layout_basic, grunt_temple_overflow_champion_of_chaos,
          dancing_weapons_uskayaw, serial_bayou, serial_bayou_pond_b,
          serial_bayou_shore_a, serial_bayou_ford_a, serial_bayou_shore_b,
          serial_bayou_shore_b, serial_bayou_pond_d
D:5:      layout_basic, nicolae_tso_besieged_by_evil, gammafunk_ghost_smash,
          st_stairs_10, chequers_jeans, uniq_duvessa, uniq_grinder
D:6:      layout_rooms
D:7:      layout_loops_corners, gammafunk_temple_overflow_elements,
          minmay_temple_entry_antechambers, gammafunk_ghost_gnarly_gnolls,
          nicolae_eternal_life, uniq_menkaure, uniq_pikel
D:8:      layout_layer_cave, mainiacjoe_overflow_boulevard,
          nicolae_overflow_hidden_temple, minmay_fractal_squares_diagonal_5
D:9:      layout_loops_ring, slow_altar_2
D:10:     layout_stronghold, old_standard_altar,
          pdpol_wu_jian_five_deadly_venoms, serial_shops, shop
D:11:     layout_stronghold, david_lair_shrubbed, erik_orc_3
D:12:     nzn_winding_woodlands_small [nzn_winding_woodlands_5x15_default,
          nzn_winding_woodlands_center_pierced_h,
          nzn_winding_woodlands_5x15_river_crossing], layout_long_grid,
          muffindrake_ghost_dual_entry, gauntlet_entry_generic
Lair:1:   layout_regular_city, gammafunk_ghost_abyssal_escape,
          nicolae_lair_lindhole, uniq_urug, uniq_erica
Lair:2:   layout_cave_pods, elwin_shoals_entry_rooms,
          minmay_snake_entry_guardpost_medium, basic_altar,
          serial_bayou_shore_b, uniq_gastronok
Lair:3:   layout_cave_pods, uniq_nessos, uniq_prince_ribbit2
Lair:4:   layout_gridlike, beast_lair_carwin_8, infiniplex_staircase_pool_2
Lair:5:   gammafunk_lair_ancient_temple, layout_gridlike,
          nicolae_slime_entry_field_trip, dreamdust_deal_with_the_devil,
          nicolae_quartered_pool_medium
Gauntlet: minmay_gauntlet_mixed_oops_all_seconds
          [minmay_gauntlet_arena_77_shame_cube, gammafunk_gauntlet_arena_grid,
          minmay_gauntlet_arena_77_terracotta_army,
          gammafunk_gauntlet_arena_corners, minmay_gauntlet_arena_77_run_for_it,
          gammafunk_gauntlet_arena_mazey,
          nicolae_gauntlet_exit_dead_adventurers]

Skill      XL: |  1  2  3  4  5  6  7  8  9 10 11 12 13 14 |
---------------+-------------------------------------------+-----
Unarmed Combat | 4 5 6 7 9 10 11 13 14 16 | 16.7
Fighting       | 4 5 6 8 10 11 12 13 | 13.2
Shapeshifting  | 3 |  3.0
Dodging        | 3 5 |  5.5
Throwing       | 6 10 | 10.0
Evocations     | 4 |  4.0
Shields        | 9 10 | 10.2

Action                     |  1- 3 |  4- 6 |  7- 9 | 10-12 | 13-15 || total
---------------------------+-------+-------+-------+-------+-------++-------
  Melee: Unarmed           |    78 |   214 |   319 |   720 |   545 ||  1876
         Tailslap          |     9 |    19 |    39 |   127 |   108 ||   302
         Punch             |       |     9 |     1 |       |       ||    10
  Throw: Dart              |       |       |       |    16 |    13 ||    29
 Invoke: Berserk           |     1 |     3 |     3 |    13 |     3 ||    23
         Brothers in Arms  |       |       |       |     1 |     1 ||     2
         Trog's Hand       |       |       |       |     1 |     1 ||     2
Ability: Breathe Dispellin |       |       |       |     6 |     2 ||     8
  Evoke: Wand              |       |       |       |     1 |     1 ||     2
    Use: Scroll            |       |       |    16 |     9 |     2 ||    27
         Potion            |       |       |       |       |     3 ||     3
   Stab: Sleeping          |       |     1 |     2 |     1 |       ||     4
         Distracted        |       |     1 |     1 |     1 |       ||     3
 Armour: Skin              |    26 |    71 |   117 |   216 |   290 ||   720
  Dodge: Dodged            |    59 |   124 |   162 |   358 |   271 ||   974
  Block: Buckler           |       |       |    39 |   101 |    89 ||   229
         Kite shield       |       |       |       |       |    73 ||    73
         Form:             |       |       |     1 |       |       ||     1
         Beast             |       |       |     1 |       |       ||     1

Table legend: (Time is in decaauts)
 A = Elapsed time spent in this place.
 B = Non-inter-level travel time spent in this place.
 C = Inter-level travel time spent in this place.
 D = Time resting spent in this place.
 E = Time spent auto-exploring this place.
 F = Levels seen in this place.
 G = Mean time per level.
                   A        B        C        D        E       F      G
               +--------+--------+--------+--------+--------+-----+--------+
         Total |  21353 |  20494 |    859 |   5731 |  10794 |  18 | 1186.3 |
       Dungeon |  12635 |  12107 |    528 |   2686 |   7400 |  12 | 1052.9 |
          Lair |   8258 |   7927 |    331 |   2837 |   3394 |   5 | 1651.6 |
      Gauntlet |    459 |    459 |      0 |    208 |      0 |   1 |  459.0 |
               +--------+--------+--------+--------+--------+-----+--------+

Top non-repeatable levels by time:
  Lair:1: 1885 daAuts
  Lair:5: 1879 daAuts
    D:11: 1836 daAuts
  Lair:2: 1589 daAuts
     D:8: 1551 daAuts
  Lair:4: 1485 daAuts
     D:7: 1458 daAuts
  Lair:3: 1418 daAuts
     D:4: 1200 daAuts
     D:2: 1189 daAuts
    D:10: 1188 daAuts
     D:5: 1140 daAuts
     D:9: 1103 daAuts
     D:3: 715 daAuts
     D:1: 617 daAuts
